Map: Ulrena

Players

MinChul (MC)

  • Race: Protoss Protoss

Elazer - Winner!

  • Race: Zerg Zerg
  • League: Grandmaster

Event: Homestory Cup XII

VOD

Have the link to the VOD?

Description

Time

  • Played on: Dec. 19, 2015, 2:03 p.m.
  • Length: 6:12

All games in this series

Show
View Real Time Build Order
Export as new Build Order

MinChul Protoss 

Build Orders: 1 Gate Expand, Oracle Opening 

Get SALT Encoding   

  12  0:00  Probe (Chrono Boost)  
  13  0:11  Probe (Chrono Boost)  
  14  0:18  Pylon  
  14  0:22  Probe (Chrono Boost)  
  15  0:37  Probe (Chrono Boost)  
  15  0:40  Gateway  
  16  0:47  Probe (Chrono Boost), Assimilator  
  17  0:58  Probe (Chrono Boost)  
  18  1:08  Probe (Chrono Boost)  
  19  1:22  Nexus  
  19  1:34  Cybernetics Core, Probe (Chrono Boost)  
  20  1:40  Assimilator  
  20  1:45  Probe (Chrono Boost)  
  21  1:51  Pylon  
  21  1:56  Probe (Chrono Boost)  
  22  2:06  Probe (Chrono Boost)  
  23  2:11  Adept (Chrono Boost), Warp Gate  
  25  2:21  Mothership Core  
  27  2:33  Probe  
  27  2:34  Pylon  
  27  2:35  Adept (Chrono Boost)  
  30  2:42  Probe  
  30  2:43  Probe  
  32  2:54  Probe x2  
  32  2:56  Stargate  
  34  3:04  Probe  
  34  3:06  Probe, Adept (Chrono Boost)  
  38  3:15  Probe  
  38  3:18  Probe  
  40  3:25  Probe  
  40  3:31  Probe  
  42  3:36  Gateway, Probe  
  42  3:40  Oracle (Chrono Boost)  
  44  3:43  Probe  
  44  3:46  Gateway, Probe  
  44  3:50  Pylon  
  44  3:55  Probe  
  45  3:56  Gateway  
  45  3:58  Probe  
  46  4:06  Assimilator x2  
  46  4:07  Probe  
  46  4:09  Probe, Pylon  
  47  4:13  Oracle (Chrono Boost)  
  47  4:16  Pylon  
  51  4:19  Probe, Adept  
  51  4:21  Probe  
  55  4:31  Probe x2  
  57  4:42  Probe  
  57  4:43  Probe, Adept x2  
  57  4:44  Void Ray (Chrono Boost)  
  67  4:46  Adept  
  69  4:53  Pylon  
  70  5:02  Pylon  
  66  5:09  Pylon  
  66  5:11  Adept x2  
  63  5:15  Adept  
  63  5:17  Pylon  
  65  5:22  Void Ray (Chrono Boost)  
  65  5:24  Robotics Facility  
  69  5:34  Sentry, Adept  
  73  5:38  Adept  
  71  5:58  Adept  
Show
View Real Time Build Order
Export as new Build Order

Elazer Zerg - Winner!

Build Orders: Hatch First 

Get SALT Encoding   

  12  0:00  Drone  
  13  0:13  Overlord  
  13  0:17  Drone  
  14  0:31  Drone x2  
  14  0:35  Drone  
  17  0:52  Hatchery  
  17  0:55  Drone  
  17  0:58  Drone  
  18  1:08  Extractor  
  17  1:14  Spawning Pool  
  17  1:16  Drone  
  17  1:21  Drone  
  18  1:30  Drone  
  19  1:39  Drone  
  20  1:50  Overlord  
  20  2:01  Drone  
  20  2:03  Queen  
  20  2:04  Queen  
  20  2:05  Drone  
  26  2:09  Metabolic Boost  
  26  2:11  Drone  
  27  2:15  Drone  
  27  2:22  Drone  
  29  2:30  Drone  
  29  2:35  Hatchery  
  29  2:39  Overlord  
  29  2:43  Zergling x2  
  30  2:45  Zergling x2  
  30  2:48  Queen  
  33  2:59  Drone x3  
  36  3:08  Overlord  
  36  3:13  Zergling x4  
  36  3:15  Drone x3  
  36  3:19  Zergling x2  
  42  3:26  Drone x2, Queen  
  46  3:30  Overlord  
  46  3:35  Drone  
  46  3:36  Drone  
  46  3:38  Queen  
  48  3:44  Drone x2  
  48  3:48  Extractor  
  49  3:50  Roach Warren  
  49  3:54  Queen  
  50  3:58  Drone x3  
  53  4:09  Overlord  
  53  4:10  Overlord  
  53  4:11  Queen  
  55  4:21  Queen  
  57  4:30  Overlord  
  57  4:31  Roach x4  
  57  4:32  Roach  
  62  4:40  Roach x3  
  62  4:43  Roach  
  67  4:53  Roach x3  
  72  5:01  Zergling x8  
  73  5:09  Zergling x8  
  77  5:18  Zergling x6  
  80  5:22  Ravager  
  80  5:25  Zergling x6  
  84  5:31  Ravager  
  84  5:34  Zergling x6  
  79  5:42  Zergling x2  
  79  5:43  Zergling x2  
  79  5:53  Ravager  
Tags
 
Add a new tag
Caveats
  • Supply blocks, unpowered buildings, or Contaminate may cause inaccurate times.
  • Supply counts are checked every 10 seconds.